 Dungeon Crawl Stone Soup version 0.29-a0-1014-ga8c0faee3b (webtiles) character file.

Game seed: 7639957824441106475

1726 BritishOli the Slasher (level 8, -3/64 HPs)
             Began as a Demonspawn Fighter on Aug 9, 2022.
             Was a Follower of Okawaru.
             Slain by a wyvern (4 damage)
             ... on level 7 of the Dungeon.
             The game lasted 00:12:17 (7473 turns).

BritishOli the Slasher (Demonspawn Fighter)         Turns: 7473, Time: 00:12:18

Health: -3/64      AC: 15    Str: 20    XL:     8   Next: 75%
Magic:  8/8        EV:  9    Int:  9    God:    Okawaru [*.....]
Gold:   298        SH:  5    Dex: 12    Spells: 7/7 levels left

rFire   . . .      SeeInvis .   a - +0 long sword
rCold   . . .      Faith    .   c - +0 buckler
rNeg    . . .      Spirit   .   b - +0 scale mail
rPois   .          Reflect  .   (no helmet)
rElec   .          Harm     .   B - +1 cloak {rCorr}
rCorr   +          Rampage  .   (no gloves)
Will    .....                   (no boots)
Stlth   ..........              (no amulet)
HPRegen 0.20/turn               l - +4 ring of protection
MPRegen 0.11/turn               q - ring of flight

@: attractive, flying
A: foul stench 1, sharp scales 2
a: Renounce Religion, Heroism


You were on level 7 of the Dungeon.
You worshipped Okawaru.
Okawaru was aware of your devotion.
You visited 1 branch of the dungeon, and saw 7 of its levels.

You collected 298 gold pieces.

Inventory:

Hand Weapons
 a - a +0 long sword (weapon)
 p - the +2 mace of Causality {venom, Fragile rF+ rC+ Will+}
   (You found it on level 3 of the Dungeon)

   It poisons the flesh of those it strikes.
   rF:        It protects you from fire.
   rC:        It protects you from cold.
   Fragile:   It will be destroyed if unequipped.
   Will:      It increases your willpower.
Armour
 b - a +0 scale mail (worn)
 c - a +0 buckler (worn)
 B - a +1 cloak of preservation (worn)
Jewellery
 e - a ring of resist corrosion
 l - a +4 ring of protection (left hand)
 q - a ring of flight (right hand)
 s - an amulet of faith
Wands
 n - a wand of mindburst (9)
 A - a wand of charming (12)
 E - a wand of polymorph (3)
 H - a wand of quicksilver (3)
 I - a wand of roots (3)
Scrolls
 g - 7 scrolls of identify
 i - a scroll of summoning {unknown}
 j - a scroll of amnesia {unknown}
 m - a scroll of fog
 t - a scroll of poison {unknown}
 u - a scroll of enchant weapon {unknown}
 v - a scroll of vulnerability {unknown}
 y - a scroll of noise {unknown}
 z - 2 scrolls of enchant armour {unknown}
 C - a scroll of acquirement {unknown}
 F - a scroll of immolation {unknown}
 G - a scroll of brand weapon {unknown}
Potions
 d - 3 potions of might
 f - 4 potions of curing {unknown}
 h - 3 potions of attraction
 k - 2 potions of lignification {unknown}
 o - a potion of flight {unknown}
 r - a potion of brilliance {unknown}
 w - a potion of berserk rage {unknown}
 x - a potion of mutation {unknown}
 D - a potion of heal wounds {unknown}


   Skills:
 + Level 5.9 Fighting
 * Level 6.5 Long Blades
 + Level 5.4 Armour
 + Level 5.3 Shields


You had 7 spell levels left.
You didn't know any spells.
Your spell library contained the following spells:

 Spells                   Type           Power      Damage    Failure   Level
 Foxfire                  Conj/Fire      0%         2x1d4     80%         1
 Conjure Flame            Conj/Fire      0%         6-21      99%         3
 Ignite Poison            Fire/Tmut/Pois 0%         N/A       99%         3
 Inner Flame              Hex/Fire       0%         N/A       99%         3
 Flame Wave               Conj/Fire      0%         2d4       100%        4
 Sticky Flame             Conj/Fire      0%         2d3       100%        4


Dungeon Overview and Level Annotations

Branches:
Dungeon (7/15)
 Temple: D:4-7

Altars:
Ashenzari
Dithmenos
Okawaru
Vehumet

Shops:
D:5 (   D:6 :


Innate Abilities, Weirdness & Mutations

You may rarely emit foul miasma when damaged in melee.
You are mostly covered in razor-sharp scales. (AC +2, Slay +2)


Message History

The wyvern bites you but does no damage. x2
The wyvern attacks as you move away! You block the wyvern's attack.
The gnoll attacks as you move away! The gnoll hits you but does no damage.
The wyvern attacks as you move away!
The wyvern bites you but does no damage.
The wyvern bites you!
* * * LOW HITPOINT WARNING * * *
You block the wyvern's attack. The wyvern attacks as you move away!
The wyvern bites you!
* * * LOW HITPOINT WARNING * * *
The wyvern attacks as you move away! You block the wyvern's attack.
The wyvern bites you but does no damage.
You closely miss the wyvern.
The wyvern is almost dead.
The wyvern misses you.
You closely miss the wyvern.
The wyvern is almost dead.
The wyvern bites you but does no damage.
The gnoll hits you but does no damage.
The wyvern bites you but does no damage.
You hit the wyvern.
The wyvern is almost dead.
The wyvern closely misses you. The gnoll barely misses you.
The wyvern bites you but does no damage.
You barely miss the wyvern.
The wyvern is almost dead.
The wyvern barely misses you. You block the gnoll's attack.
Aiming: Quicksilver Bolt
Press: ? - help, Shift-Dir - straight line, f - wyvern
Aim: a wyvern (almost dead, 71% to hit)
The bolt of dispelling energy hits the wyvern!
You kill the wyvern!
Okawaru is honoured by your kill.
The bolt of dispelling energy misses the wyvern.
You block the gnoll's attack. The wyvern bites you.
* * * LOW HITPOINT WARNING * * *
It was a potion of attraction.
You feel attractive to monsters. The wyvern bites you.
You die...

####....# #..# #....# #..####
.# #....# #..##... ...
######.#.# #..##>... ....
#.[..#.#.###..##.#.#######...#
#.##.#...#....##.#...........#.
.........#.....#.#..........$.
#.#.####.#...#.#.#..........#
#.#.# #.#...#.#@#g.........#
#.#.####.#.###.#l#..........#
#.#......#.....#.ggg........#
#)######################....#
..................# #.##$#
#.###############.# #.# ..
#..........# #.# ###.## ##
##########.######.## #....# #
#.#.......###....#


You could see a wyvern and a gnoll.

Vanquished Creatures
  A wyvern (D:7)
  A steam dragon (D:6)
  Duvessa (D:6)
  An ice beast (D:6)
  A black bear (D:5)
  2 centaurs
  A phantom (D:7)
  2 necrophages (D:5)
  4 scorpions
  Dowan (D:6)
  A howler monkey (D:5)
  Crazy Yiuf (D:5)
  An orc priest (D:6)
  2 hounds
  An iguana (D:6)
  3 orc wizards (D:5)
  3 gnolls (D:6)
  5 adders
  2 shadow imps (D:6)
  4 worms
  A dart slug (D:5)
  15 orcs
  8 ball pythons
  7 endoplasms
  2 giant cockroaches (D:2)
  9 goblins
  5 hobgoblins
  3 kobolds
  4 quokkas
  2 bats
  3 frilled lizards
  2 rats
99 creatures vanquished.

Vanquished Creatures (collateral kills)
  A scorpion (D:5)
  An orc (D:5)
2 creatures vanquished.

Vanquished Creatures (others)
  A black bear (D:5)
1 creature vanquished.

Grand Total: 102 creatures vanquished

Notes
Turn   | Place    | Note
-------+----------+-------------------------------------------
     0 | D:1      | BritishOli the Demonspawn Fighter began the quest for the
                  | Orb.
     0 | D:1      | Reached XP level 1. HP: 18/18 MP: 1/1
    71 | D:1      | Reached skill level 2 in Long Blades
   139 | D:1      | Gained mutation: You are partially covered in razor-sharp
                  | scales. (AC +1, Slay +1) [demonic ancestry]
   139 | D:1      | Reached XP level 2. HP: 23/24 MP: 2/2
   280 | D:1      | HP: 1/24 [poisoned by a goblin]
  1100 | D:1      | Gained mutation: You may rarely emit foul miasma when
                  | damaged in melee. [demonic ancestry]
  1100 | D:1      | Reached XP level 3. HP: 23/29 MP: 3/3
  1376 | D:2      | Identified the +0 robe "Ovagryll" {rN+ Str+5}
  1406 | D:2      | Found a broken altar of Ashenzari.
  2176 | D:2      | Reached XP level 4. HP: 34/35 MP: 4/4
  2222 | D:2      | Found the +1 Delatra's gloves {ID++}
  2436 | D:3      | Identified the +2 mace of Causality {venom, Fragile rF+ rC+
                  | Will+}
  2709 | D:3      | Found a faded altar of an unknown god.
  3464 | D:5      | Entered Level 5 of the Dungeon
  3465 | D:5      | Noticed a scorpion
  3481 | D:5      | Killed a scorpion
  3482 | D:5      | Reached skill level 3 in Long Blades
  3482 | D:5      | Gained mutation: You are mostly covered in razor-sharp
                  | scales. (AC +2, Slay +2) [demonic ancestry]
  3482 | D:5      | Reached XP level 5. HP: 33/42 MP: 5/5
  4013 | D:5      | Reached XP level 6. HP: 48/48 MP: 6/6
  4058 | D:5      | Reached skill level 4 in Long Blades
  4226 | D:5      | Reached XP level 7. HP: 50/55 MP: 7/7
  4271 | D:5      | Found a radiant altar of Vehumet.
  4274 | D:5      | Found a shadowy altar of Dithmenos.
  4284 | D:5      | Found an iron altar of Okawaru.
  4936 | D:5      | Found Abuuc's Firing Range.
  4949 | D:5      | Became a worshipper of Warmaster Okawaru
  5086 | D:5      | Found a runed translucent door.
  5087 | D:5      | Noticed Crazy Yiuf
  5098 | D:5      | Killed Crazy Yiuf
  5099 | D:5      | Reached skill level 5 in Long Blades
  5448 | D:6      | Reached skill level 5 in Fighting
  5698 | D:6      | Reached XP level 8. HP: 52/62 MP: 8/8
  5784 | D:6      | Noticed Dowan
  5784 | D:6      | Noticed Duvessa
  5785 | D:6      | Found Anuixomn's Book Shop.
  5811 | D:6      | Killed Duvessa
  5819 | D:6      | Killed Dowan
  6109 | D:6      | Reached * piety under Okawaru
  6375 | D:6      | Reached skill level 5 in Armour
  6553 | D:6      | Reached skill level 6 in Long Blades
  6553 | D:6      | Reached skill level 5 in Shields
  7466 | D:7      | HP: 2/64 [wyvern (14)]
  7472 | D:7      | HP: 1/64 [wyvern (2)]
  7473 | D:7      | Slain by a wyvern

Illustrated notes

Levels and vault maps discovered:
D:1:      heliophobic_arrival_henge, layout_loops_ring
D:2:      layout_basic, basic_altar, minmay_diced_spiral
D:3:      layout_basic, hellmonk_ecumenical_altar_inner_sanctum
D:4:      layout_basic, lemuel_another_geyser
D:5:      layout_loops_ring, nicolae_overflow_quartered_altars, minivault_14,
          nicolae_shop_firing_range, uniq_crazy_yiuf_cottage
D:6:      layout_loops_corners, serial_shops, nicolae_diamond_shop,
          dk_vineyard_3, nrook_uturn, uniq_duvessa
D:7:      layout_basic, temple_fountains, minivault_10

Skill      XL: |  1  2  3  4  5  6  7  8 |
---------------+-------------------------+-----
Long Blades    | 2 3 4 5 6 |  6.5
Armour         | 3 4 5 |  5.4
Shields        | 3 4 5 |  5.3
Fighting       | 4 5 |  5.9

Action                   |  1- 3 |  4- 6 |  7- 9 || total
-------------------------+-------+-------+-------++-------
Melee: Long sword        |   132 |   170 |   208 ||   510
Evoke: Wand              |       |       |     2 ||     2
  Use: Scroll            |       |       |     3 ||     3
       Potion            |       |       |     1 ||     1
Armor: Scale mail        |    76 |   108 |   123 ||   307
Dodge: Dodged            |    67 |    79 |   108 ||   254
Block: Buckler           |    31 |    30 |    63 ||   124

Table legend: (Time is in decaauts)
 A = Elapsed time spent in this place.
 B = Non-inter-level travel time spent in this place.
 C = Inter-level travel time spent in this place.
 D = Time resting spent in this place.
 E = Time spent auto-exploring this place.
 F = Levels seen in this place.
 G = Mean time per level.
                   A        B        C        D        E       F      G
               +--------+--------+--------+--------+--------+-----+--------+
         Total |   7601 |   7452 |    149 |   1318 |   4891 |   7 | 1085.9 |
       Dungeon |   7601 |   7452 |    149 |   1318 |   4891 |   7 | 1085.9 |
               +--------+--------+--------+--------+--------+-----+--------+

Top non-repeatable levels by time:
     D:5: 2258 daAuts
     D:6: 1553 daAuts
     D:1: 1388 daAuts
     D:2: 1070 daAuts
     D:3: 747 daAuts
     D:4: 325 daAuts
     D:7: 257 daAuts
